 Dungeon Crawl Stone Soup version 0.32-a0-128-g77eb882913 (webtiles) character file.

Game seed: 14345093776689850807

100 hikkokomori the Ruffian (level 4, -5/44 HPs)
             Began as a Troll Fighter on Feb 8, 2024.
             Slain by a gnoll
             ... wielding a +0 halberd
              (10 damage)
             ... on level 2 of the Dungeon.
             The game lasted 00:02:34 (898 turns).

hikkokomori the Ruffian (Troll Fighter)              Turns: 898, Time: 00:02:35

Health: -5/44      AC:  4    Str: 22 (24) XL:     4   Next: 46%
Magic:  3/3        EV:  8    Int:  3 (4)  God:
Gold:   37         SH:  7    Dex:  8 (11) Spells: 3/3 levels left

rFire   . .          .
                       - Unarmed
rCold   . . .        b - +0 kite shield
rNeg    . . .        a - +0 robe
rPois   .            (helmet restricted)
rElec   .            (no cloak)
rCorr   .            (gloves unavailable)
SInv    .            (boots unavailable)
Will    .....        g - amulet of regeneration
Stlth   +            (no ring)
HPRegen 1.87/turn    (no ring)
MPRegen 0.08/turn

%: no passive effects
@: mighty
A: large, unfitting armour, claws 3, regeneration 1, shaggy fur 1, tough skin 1
a: no special abilities


You were on level 2 of the Dungeon.
You visited 1 branch of the dungeon, and saw 2 of its levels.

You collected 37 gold pieces.

Inventory:

Hand Weapons
 j - the +5 quarterstaff of Patterns {antimagic, Dex+2}
   (You took it off a hobgoblin on level 2 of the Dungeon)

   Dex+2:     It affects your dexterity (+2).
Armour
 a - a +0 robe (worn)
 b - a +0 kite shield (worn)
Jewellery
 g - an amulet of regeneration (around neck)
Scrolls
 f - a scroll of amnesia {unknown}
 h - a scroll of teleportation {unknown}
 i - a scroll of torment {unknown}
 k - a scroll of noise {unknown}
Potions
 e - a potion of curing {unknown}


   Skills:
 - Level 2.4 Fighting
 - Level 2.4 Dodging
 + Level 1.6 Stealth
 - Level 2.6 Shields
 + Level 3.6 Unarmed Combat


You had 3 spell levels left.
You didn't know any spells.
Your spell library contained the following spells:

 Spells                   Type           Power      Damage    Failure   Level
 Lesser Beckoning         Tloc           0%         N/A       91%         2
 Gell's Gravitas          Tloc           0%         N/A       99%         3
 Teleport Other           Tloc           0%         N/A       99%         3


Dungeon Overview and Level Annotations

Branches:
Dungeon (2/15)

Altars:

Annotations:
D:2 1 runed translucent door, Crazy Yiuf


Innate Abilities, Weirdness & Mutations

You are too large for most types of armour.
You have claws for hands.
Your natural rate of healing is unusually fast.
You are covered in fur. (AC +1)
You have tough skin. (AC +1)


Message History

The gnoll hits you from afar with a +0 halberd.
The rat bites you.
The web tears apart.
You block the gnoll's attack. The rat bites you. The ribbon worm bites you.
The gnoll hits you with a +0 club. The gnoll hits you with a +0 flail!
The gnoll attacks as it pursues you! The gnoll barely misses you.
You open the door.
There is an open door here.
Sorry, you're not good enough to have a special ability.
Okay, then.
You barely miss the gnoll. You block the gnoll's attack.
You scratch the gnoll.
The gnoll is moderately wounded.
The gnoll misses you.
The gnoll hits you from afar with a +0 halberd!
You claw the gnoll!
You kill the gnoll!
The gnoll hits you from afar with a +0 halberd!
You barely miss the gnoll. The gnoll hits you with a +0 club.
* * * LOW HITPOINT WARNING * * *
The gnoll hits you from afar with a +0 halberd!
* * * LOW HITPOINT WARNING * * *
You block the gnoll's attack.
Unknown command.
It was a potion of degeneration.
There was something very wrong with that liquid.
You feel weakened.
You feel dopey.
You feel clumsy. The gnoll closely misses you. x2
You feel very mighty all of a sudden.
You claw the gnoll!
The gnoll is heavily wounded.
The gnoll hits you with a +0 club.
* * * LOW HITPOINT WARNING * * *
The gnoll hits you from afar with a +0 halberd.
* * * LOW HITPOINT WARNING * * *
Unknown command.
You claw the gnoll!
You kill the gnoll!
The gnoll hits you from afar with a +0 halberd!
You die...

..#####........#
##.....'........#
#....###........# #
#....#............
.
##....#..w.#...>>.#
#
#.....##.#####...##
+.....g)g# ...#
#....)#### +##
#....@+ #.....#
#.....# #.....#
#.....# #.....#
#######


You could see a gnoll.

Vanquished Creatures
  4 adders (D:2)
  2 gnolls (D:2)
  A ribbon worm (D:2)
  5 ball pythons
  2 endoplasms (D:1)
  5 giant cockroaches
  5 goblins
  5 hobgoblins
  4 jackals (D:1)
  2 quokkas
  5 bats
  2 frilled lizards
  2 kobolds
  6 rats
50 creatures vanquished.

Notes
Turn   | Place    | Note
-------+----------+-------------------------------------------
     0 | D:1      | hikkokomori the Troll Fighter began the quest for the Orb.
     0 | D:1      | Reached XP level 1. HP: 22/22 MP: 0/0
    55 | D:1      | Reached XP level 2. HP: 27/29 MP: 1/1
   187 | D:1      | Reached skill level 1 in Stealth
   193 | D:1      | Reached XP level 3. HP: 34/36 MP: 2/2
   504 | D:2      | Reached skill level 3 in Unarmed Combat
   568 | D:2      | Identified the +5 quarterstaff of Patterns {antimagic,
                  | Dex+2}
   708 | D:2      | Reached XP level 4. HP: 44/44 MP: 3/3
   778 | D:2      | Found a runed translucent door.
   779 | D:2      | Noticed Crazy Yiuf
   892 | D:2      | HP: 1/44 [gnoll/+0 halberd (11)]
   898 | D:2      | Slain by a gnoll

Illustrated notes

Levels and vault maps discovered:
D:1:      lemuel_arrival_lava_pool, layout_rooms
D:2:      layout_basic, corexii_leaking_fountain, solitary_fountain,
          minmay_fountain_box, wander_ebering_terrifying_dragon_lair,
          uniq_crazy_yiuf_cottage

Skill      XL: |  1  2  3 |
---------------+----------+-----
Stealth        | 1 |  1.6
Unarmed Combat | 3 |  3.6
Fighting       | |  2.4
Dodging        | |  2.4
Shields        | |  2.6

Action                     |  1- 3 |  4- 6 || total
---------------------------+-------+-------++-------
  Melee: Unarmed           |   121 |    16 ||   137
    Use: Potion            |       |     2 ||     2
   Stab: Sleeping          |       |     2 ||     2
 Armour: Robe              |    87 |    18 ||   105
  Dodge: Dodged            |    54 |     8 ||    62
  Block: Kite shield       |    72 |     6 ||    78

Table legend: (Time is in decaauts)
 A = Elapsed time spent in this place.
 B = Non-inter-level travel time spent in this place.
 C = Inter-level travel time spent in this place.
 D = Time resting spent in this place.
 E = Time spent auto-exploring this place.
 F = Levels seen in this place.
 G = Mean time per level.
                   A        B        C        D        E       F      G
               +--------+--------+--------+--------+--------+-----+--------+
         Total |    907 |    881 |     26 |      0 |    573 |   2 |  453.5 |
       Dungeon |    907 |    881 |     26 |      0 |    573 |   2 |  453.5 |
               +--------+--------+--------+--------+--------+-----+--------+

Top non-repeatable levels by time:
     D:1: 497 daAuts
     D:2: 410 daAuts
